 Dungeon Crawl Stone Soup version 0.23-a0-690-g0a1fc62 (webtiles) character file.

49942 jerryfan the Cardsharp (level 14, 82/133 HPs)
             Began as a Demonspawn Fighter on Jan 7, 2019.
             Was a High Priest of Nemelex Xobeh.
             Quit the game on level 14 of the Dungeon on Jan 11, 2019.
             The game lasted 01:42:51 (21590 turns).

jerryfan the Cardsharp (Demonspawn Fighter)        Turns: 21590, Time: 01:42:51

Health: 82/133     AC: 21    Str: 21    XL:     14   Next: 17%
Magic:  27/27      EV:  9    Int:  9    God:    Nemelex Xobeh [*****.]
Gold:   1210       SH:  9    Dex: 14    Spells: 13/13 levels left

rFire    + . .     SeeInvis +   a - +4 long sword (slice)
rCold    + . .     Gourm    .   c - +0 shield
rNeg     . . .     Faith    .   v - +2 plate armour {rF+}
rPois    .         Spirit   .   (helmet unavailable)
rElec    .         Reflect  .   (no cloak)
rCorr    .         Harm     .   (no gloves)
MR       +....                  m - +0 pair of boots
Stlth    ..........             S - amulet of rage
HPRegen  0.32/turn              z - ring of protection from cold
MPRegen  0.20/turn              k - +5 ring of evasion

@: mildly poisoned (82 -> 82)
A: antennae 3, rugged brown scales 3, demonic guardian 1, powered by death 2,
robust 1
a: Draw Escape, Draw Destruction, Draw Summoning, Draw Stack, Triple Draw, Deal
Four, Stack Five, Renounce Religion, Evoke Berserk Rage


You were on level 14 of the Dungeon.
You worshipped Nemelex Xobeh.
Nemelex Xobeh was extremely pleased with you.
You were not hungry.

You visited 3 branches of the dungeon, and saw 21 of its levels.
You also visited: Ice Cave.

You collected 1210 gold pieces.

Inventory:

Hand Weapons
 a - a +4 long sword of slicing (weapon)
 F - a +0 scimitar of flaming
Armour
 b - a +0 scale mail
 c - a +0 shield (worn)
 d - a +3 leather armour
 m - a +0 pair of boots (worn)
 v - a +2 plate armour of fire resistance (worn)
 W - a +1 ring mail of fire resistance
 X - a +3 leather armour of poison resistance
Magical Staves
 V - an uncursed staff of fire {unknown}
Jewellery
 k - a +5 ring of evasion (right hand)
 z - a ring of protection from cold (left hand)
 E - an uncursed ring of protection from fire
 Q - an uncursed ring of fire
 S - an amulet of rage (around neck)
 T - an uncursed ring of flight
Wands
 y - a wand of digging (19)
 A - a wand of paralysis (6)
 B - a wand of flame (54)
 H - a wand of polymorph (8)
 M - a wand of disintegration (10)
 N - a wand of random effects (48)
 O - a wand of acid (6)
 P - a wand of iceblast (5)
Scrolls
 e - 15 scrolls of remove curse
 g - 5 scrolls of random uselessness
 h - 2 scrolls of identify
 n - 4 scrolls of amnesia
 t - 2 scrolls of teleportation
 x - 4 scrolls of immolation
 C - a scroll of fog
 K - a scroll of brand weapon
 L - 2 scrolls of magic mapping
 U - a scroll of fear
Potions
 i - 4 potions of curing
 j - a potion of might
 l - 3 potions of heal wounds
 o - 3 potions of brilliance
 p - 4 potions of haste
 q - 2 potions of ambrosia
 r - a potion of resistance
 s - a potion of agility
 u - 2 potions of lignification
 G - 2 potions of flight
 I - a potion of invisibility
 J - 2 potions of mutation
Comestibles
 f - 39 rations
 w - 5 chunks of flesh


   Skills:
 + Level 11.9 Fighting
 + Level 10.9 Long Blades
 + Level 11.1 Armour
 - Level 2.6 Shields
 * Level 18.1 Invocations


You had 13 spell levels left.
You didn't know any spells.
Your spell library contained the following spells:

 Spells                   Type           Power        Failure   Level  Hunger
 Confusing Touch          Hex            #.....       100%        1    ##.....
 Magic Dart               Conj           #...         100%        1    ##.....
 Sandblast                Erth           #.....       100%        1    ##.....
 Shock                    Conj/Air       #...         100%        1    ##.....
 Sting                    Conj/Pois      #...         100%        1    ##.....
 Blink                    Tloc           N/A          100%        2    ###....
 Call Imp                 Summ           #.......     100%        2    ###....
 Passwall                 Tmut/Erth      #.......     100%        2    ###....
 Poisonous Vapours        Pois/Air       #.....       100%        2    ###....
 Slow                     Hex            #.......     100%        2    ###....
 Swiftness                Chrm/Air       #.......     100%        2    ###....
 Confuse                  Hex            #.......     100%        3    ####...
 Conjure Flame            Conj/Fire      #.......     100%        3    ####...
 Gell's Gravitas          Tloc           #.........   100%        3    ####...
 Mephitic Cloud           Conj/Pois/Air  #.......     100%        3    ####...
 Static Discharge         Conj/Air       #.......     100%        3    ####...
 Stone Arrow              Conj/Erth      #.....       100%        3    ####...
 Airstrike                Air            #.........   100%        4    #####..
 Olgreb's Toxic Radiance  Pois           #.......     100%        4    #####..
 Petrify                  Tmut/Erth      #.......     100%        4    #####..
 Bolt of Magma            Conj/Fire/Erth #.........   100%        5    ######.
 Iskenderun's Battlesphe  Conj/Chrm      #.......     100%        5    ######.
 Lee's Rapid Deconstruct  Erth           #.........   100%        5    ######.
 Lightning Bolt           Conj/Air       #.........   100%        5    ######.
 Metabolic Englaciation   Hex/Ice        #.........   100%        5    ######.
 Venom Bolt               Conj/Pois      #.........   100%        5    ######.
 Yara's Violent Unravell  Hex/Tmut       #.........   100%        5    ######.
 Iron Shot                Conj/Erth      #.........   100%        6    #######
 Orb of Destruction       Conj           #.........   100%        7    #######
 Spellforged Servitor     Conj/Summ      #.........   100%        7    #######


Dungeon Overview and Level Annotations

Branches:
Dungeon (14/15)            Temple (1/1) D:4            Lair (6/6) D:10
  Swamp (0/4) Lair:4        Snake (0/4) Lair:4        Slime (0/5) Lair:6
    Orc (0/2) D:12
 Vaults: D:13-14

Altars:
Ashenzari
Elyvilon
Gozag
Kikubaaqudgha
Nemelex Xobeh
Trog
Uskayaw
Xom
Yredelemnul
Zin
The Shining One
Lugonu

Shops:
D:6 *   D:12 :%(=*

Annotations:
D:3 exclusion: downstairs
Lair:1 2 transporters, exclusion: downstairs
Lair:3 3 runed doors, exclusions: 3 doors and downstairs, tsouns's ghost, novice FeCj
Lair:4 3 runed doors, exclusion: 3 doors, Exirev's ghost, journeyman MfIE; Rooheesk's ghost, journeyman DDGl
Lair:5 exclusion: 2 upstairs


Innate Abilities, Weirdness & Mutations

You have a pair of large antennae on your head. (SInv)
You are completely covered in rugged brown scales. (AC +3, +7% HP)
A weak demonic guardian rushes to your aid.
You regenerate health from kills.
You are robust. (+10% HP)


Message History

Your shadow imp hits the centaur warrior zombie.
Your ufetubus barely misses the worker ant.
Your ufetubus hits the worker ant but does no damage.
The large slime creature misses your iron imp.
Your iron imp hits the large slime creature.
Your iron imp disappears in a puff of smoke!
Your ufetubus hits the centaur warrior zombie but does no damage.
Your ufetubus hits the centaur warrior zombie.
You block the worker ant's attack.
You see here a tomahawk.
You feel sick.
A sky beast comes into view.
You see here a tomahawk.
The centaur warrior zombie hits you but does no damage.
You see here a tomahawk.
You feel sick.
You see here a tomahawk.
The enormous slime creature misses your ufetubus.
Unknown command.
Are you sure you want to abandon this character and quit the game? (Confirm with "yes".)

..... #..#
#####..#
#......# .#
#...(..##...#
#.(.<).......
...
#..)(........
....
#..##..######
#...####.@##..#
...≈≈#.Za.#...#
..♣..≈#.(..+...#
........(..#...#
♣._.♣...(..#...#
r.......5#######
..♣..≈#.5###..##
≈...≈≈#YJ.......
#...###.........


You could see an enormous slime creature, a sky beast, a worker ant, a centaur
warrior zombie, a friendly shadow imp and a friendly ufetubus.

Vanquished Creatures
  A very ugly thing (D:12)
  A hydra (Lair:4)
  3 centaur warriors (D:14)
  2 death yaks (Lair:4)
  A slime creature (D:13)
  2 unseen horrors
  A sea snake (Lair:6)
  2 ugly things (D:13)
  A deep elf mage (D:9)
  A wolf spider (D:13)
  A salamander (shapeshifter) (D:12)
  2 elephants (Lair:6)
  Psyche (D:12)
  5 black mambas
  An ice statue (IceCv)
  4 spiny frogs (Lair:6)
  A kobold demonologist (D:12)
  11 komodo dragons
  A meliai (Lair:1)
  A wind drake (Lair:6)
  5 polar bears
  A hornet (D:12)
  5 hippogriffs
  A wraith (D:7)
  A basilisk (D:12)
  2 hogs
  A wyvern (D:13)
  9 yaks
  A hungry ghost (D:13)
  A naga (Lair:3)
  A warg (D:10)
  8 water moccasins
  3 porcupines
  A swamp drake (D:10)
  3 orc warriors
  13 ice beasts
  A sky beast (D:9)
  5 ogres
  A tengu (Lair:6)
  9 centaurs
  8 crocodiles
  19 wolves
  2 big kobolds
  9 bullfrogs
  A water moccasin zombie (D:9)
  A scorpion (D:14)
  4 killer bees
  7 wights
  An electric eel (Lair:4)
  3 howler monkeys
  2 crimson imps
  2 centaur zombies
  5 jellies
  2 hounds
  6 orc priests
  2 bullfrog skeletons
  5 orc wizards
  An iguana (Lair:3)
  3 worker ants
  5 hell rats (Lair:6)
  A hound zombie (D:8)
  A hound skeleton (D:10)
  A worker ant zombie (D:9)
  5 gnolls
  8 adders
  A shadow imp (D:6)
  2 oozes
  2 worms
  3 dart slugs
  5 leopard geckos
  38 orcs
  3 giant cockroaches
  8 goblins
  9 hobgoblins
  12 jackals
  14 kobolds
  2 quokkas
  2 ball pythons
  7 bats
  5 frilled lizards
  7 rats
  5 plants
344 creatures vanquished.

Vanquished Creatures (collateral kills)
  Kirke (D:12)
  6 hydras
  6 death yaks
  2 two-headed ogres
  Pikel (D:5)
  A harpy (D:10)
  3 elephants (Lair:6)
  A manticore (Lair:6)
  Joseph (D:10)
  2 black mambas
  A torpor snail (Lair:4)
  10 spiny frogs
  A centaur skeleton (D:11)
  A yaktaur (D:7)
  3 rime drakes
  6 komodo dragons
  A queen bee (Lair:5)
  A meliai (Lair:6)
  2 hornets
  A troll (D:9)
  2 hippogriffs
  2 bog bodies (Lair:4)
  4 dream sheep (Lair:4)
  14 yaks
  Eustachio (D:5)
  A basilisk (Lair:5)
  A hog (Lair:5)
  A naga (D:10)
  A porcupine (Lair:1)
  5 orc warriors
  5 water moccasins
  3 ice beasts
  2 black bears
  A slave (D:5)
  2 ogres
  2 sky beasts
  A tengu (D:8)
  7 wolves
  3 centaurs
  3 crocodiles
  A big kobold (D:12)
  3 bullfrogs
  A gnoll sergeant (D:7)
  A scorpion (D:7)
  2 howler monkeys (D:9)
  A hound (D:7)
  2 orc priests
  2 jellies (Lair:6)
  A quasit (D:10)
  4 orc wizards
  A hell rat (Lair:6)
  3 worker ants
  A hound skeleton (D:6)
  13 gnolls
  7 orcs
  2 jackals (D:6)
  A kobold (D:13)
  3 butterflies (Lair:2)
  3 fungi
  A plant (Lair:6)
165 creatures vanquished.

Vanquished Creatures (others)
  An emperor scorpion (Lair:4)
  A sea snake (Lair:6)
  2 elephants (Lair:6)
  2 spiny frogs
  A rime drake (Lair:6)
  A troll (D:9)
  A polar bear (Lair:6)
  5 blink frogs (Lair:6)
  A yak (Lair:6)
  A human (D:12)
  A water moccasin (D:12)
  2 slaves (D:5)
  4 centaurs
  2 crocodiles (Lair:6)
  Blork the orc (D:5)
  An orc priest (D:12)
  5 hell rats (Lair:6)
  2 ball lightnings
  An orc (D:13)
  2 bushes (Lair:4)
  18 fungi
  14 plants
69 creatures vanquished.

Grand Total: 578 creatures vanquished

Notes
Turn   | Place    | Note
-------+----------+-------------------------------------------
     0 | D:1      | jerryfan the Demonspawn Fighter began the quest for the
                  | Orb.
     0 | D:1      | Reached XP level 1. HP: 18/18 MP: 1/1
   122 | D:1      | Gained mutation: You regenerate a little health from kills.
                  | [demonic ancestry]
   122 | D:1      | Reached XP level 2. HP: 20/24 MP: 2/2
   702 | D:1      | Gained mutation: You are partially covered in rugged brown
                  | scales. (AC +1, +3% HP) [demonic ancestry]
   702 | D:1      | Reached XP level 3. HP: 24/29 MP: 3/3
   900 | D:2      | You fall through a shaft!
  1691 | D:3      | Gained mutation: A weak demonic guardian rushes to your
                  | aid. [demonic ancestry]
  1691 | D:3      | Reached XP level 4. HP: 38/38 MP: 4/4
  2481 | D:4      | Noticed an ogre
  2484 | D:4      | Noticed an ogre
  2492 | D:4      | Killed an ogre
  2492 | D:4      | Gained mutation: You are mostly covered in rugged brown
                  | scales. (AC +2, +5% HP) [demonic ancestry]
  2492 | D:4      | Reached XP level 5. HP: 38/44 MP: 5/5
  2741 | D:4      | Gained mutation: You have a pair of small antennae on your
                  | head. [demonic ancestry]
  2741 | D:4      | Reached XP level 6. HP: 38/51 MP: 6/6
  2890 | D:4      | Found a staircase to the Ecumenical Temple.
  2899 | Temple   | Entered the Ecumenical Temple
  2922 | Temple   | Became a worshipper of Nemelex Xobeh the Trickster
  2945 | D:4      | Received a gift from Nemelex Xobeh
  3174 | D:4      | Reached skill level 1 in Invocations
  3366 | D:4      | Reached skill level 5 in Fighting
  3366 | D:4      | Reached skill level 2 in Invocations
  3817 | D:4      | Reached XP level 7. HP: 34/58 MP: 8/8
  4191 | D:5      | Entered Level 5 of the Dungeon
  4196 | D:5      | Found a glowing silver altar of Zin.
  4204 | D:5      | Noticed Eustachio
  4239 | D:5      | Killed Eustachio
  4239 | D:5      | Reached skill level 3 in Invocations
  4379 | D:5      | Noticed Pikel
  4427 | D:5      | Killed Pikel
  4427 | D:5      | Reached skill level 5 in Armour
  4427 | D:5      | Reached skill level 4 in Invocations
  4433 | D:5      | Reached skill level 5 in Invocations
  4634 | D:5      | Killed Blork the orc
  4715 | D:5      | Gained mutation: You have a pair of antennae on your head.
                  | [demonic ancestry]
  4715 | D:5      | Reached XP level 8. HP: 47/67 MP: 11/11
  4845 | D:5      | Reached * piety under Nemelex Xobeh
  5129 | D:6      | Received a gift from Nemelex Xobeh
  5153 | D:6      | Reached skill level 5 in Long Blades
  5331 | D:6      | Found Cutsyf's General Store.
  5583 | D:6      | Received a gift from Nemelex Xobeh
  5732 | D:6      | Upgraded the game from 0.23-a0-655-g3751e1c to
                  | 0.23-a0-667-gc184e93
  5821 | D:6      | Reached ** piety under Nemelex Xobeh
  5999 | D:7      | Identified the +0 hand axe "Wifar" {freeze, rElec}
  6013 | D:7      | Reached skill level 6 in Invocations
  6017 | D:7      | Noticed a yaktaur
  6043 | D:7      | Killed a yaktaur
  6216 | D:7      | Received a gift from Nemelex Xobeh
  6598 | D:7      | Gained mutation: You regenerate health from kills. [demonic
                  | ancestry]
  6598 | D:7      | Reached XP level 9. HP: 72/74 MP: 14/14
  6683 | D:8      | Noticed a smoke demon
  6703 | D:8      | Reached skill level 7 in Invocations
  6742 | D:8      | Found a shimmering altar of Xom.
  6742 | D:8      | Found an ancient bone altar of Kikubaaqudgha.
  6746 | D:8      | Found a shattered altar of Ashenzari.
  6782 | D:8      | Reached *** piety under Nemelex Xobeh
  6783 | D:8      | Noticed a two-headed ogre
  6799 | D:8      | Killed a two-headed ogre
  7290 | D:8      | Reached skill level 8 in Invocations
  7407 | D:8      | Received a gift from Nemelex Xobeh
  7559 | D:9      | Noticed a troll
  7563 | D:9      | Killed a troll
  7563 | D:9      | Reached skill level 9 in Invocations
  7985 | D:9      | Noticed a deep elf mage
  7989 | D:9      | Killed a deep elf mage
  7989 | D:9      | Gained mutation: You are completely covered in rugged brown
                  | scales. (AC +3, +7% HP) [demonic ancestry]
  7989 | D:9      | Reached XP level 10. HP: 77/85 MP: 17/17
  8082 | D:9      | Received a gift from Nemelex Xobeh
  8124 | D:9      | Reached skill level 10 in Invocations
  8147 | D:9      | Reached **** piety under Nemelex Xobeh
  8222 | D:9      | Received a gift from Nemelex Xobeh
  8601 | D:10     | Entered Level 10 of the Dungeon
  8623 | D:10     | Received a gift from Nemelex Xobeh
  8630 | D:10     | Found a corrupted altar of Lugonu.
  8631 | D:10     | Noticed a sun demon
  8632 | D:10     | Noticed an orange demon
  8632 | D:10     | Noticed a harpy
  8632 | D:10     | a kobold demonologist changed into a harpy
  8632 | D:10     | Noticed a rust devil
  8632 | D:10     | an orange demon changed into a rust devil
  8632 | D:10     | Noticed a sixfirhy
  8632 | D:10     | a sun demon changed into a sixfirhy
  8636 | D:10     | Killed a harpy
  8734 | D:10     | Noticed Joseph
  8745 | D:10     | Killed Joseph
  8961 | D:10     | Noticed a two-headed ogre
  8973 | D:10     | Killed a two-headed ogre
  8973 | D:10     | Reached skill level 11 in Invocations
  9148 | D:10     | Killed an unseen horror
  9363 | D:10     | Reached ***** piety under Nemelex Xobeh
  9441 | D:10     | Found a staircase to the Lair.
  9691 | D:11     | Received a gift from Nemelex Xobeh
 10206 | D:11     | Killed an unseen horror
 10206 | D:11     | Reached skill level 12 in Invocations
 10206 | D:11     | Reached XP level 11. HP: 93/93 MP: 18/20
 10395 | D:12     | Received a gift from Nemelex Xobeh
 10404 | D:12     | Found Derote's Antique Weapon Boutique.
 10521 | Lair:1   | Entered Level 1 of the Lair of Beasts
 10725 | Lair:1   | Noticed an eight-headed hydra
 10732 | Lair:1   | Killed an eight-headed hydra
 10745 | Lair:1   | Noticed a four-headed hydra
 10750 | Lair:1   | Killed a four-headed hydra
 11068 | Lair:1   | Reached skill level 13 in Invocations
 11111 | Lair:1   | Received a gift from Nemelex Xobeh
 11263 | Lair:1   | Found a transporter.
 11263 | Lair:1   | Noticed a swamp dragon
 11264 | Lair:1   | Noticed a swamp dragon
 11516 | Lair:1   | Found a transporter.
 11528 | Lair:1   | Received a gift from Nemelex Xobeh
 12026 | Lair:2   | Received a gift from Nemelex Xobeh
 12136 | Lair:2   | Found a frozen archway.
 12146 | IceCv    | Entered an ice cave
 12183 | IceCv    | Upgraded the game from 0.23-a0-667-gc184e93 to
                  | 0.23-a0-677-g07611c5
 13242 | IceCv    | Noticed an ice dragon
 13242 | IceCv    | Noticed an ice dragon
 13332 | Lair:2   | Reached skill level 14 in Invocations
 13430 | Lair:2   | Received a gift from Nemelex Xobeh
 13515 | Lair:2   | Reached XP level 12. HP: 88/103 MP: 22/22
 13729 | Lair:3   | Received a gift from Nemelex Xobeh
 14298 | Lair:3   | Reached skill level 10 in Fighting
 14341 | Lair:3   | Received a gift from Nemelex Xobeh
 14458 | Lair:3   | Reached ****** piety under Nemelex Xobeh
 14474 | Lair:3   | Received a gift from Nemelex Xobeh
 14475 | Lair:3   | You fall through a shaft for 3 floors!
 14475 | Lair:6   | Entered Level 6 of the Lair of Beasts
 14477 | Lair:6   | Found a staircase to the Slime Pits.
 14547 | Lair:6   | Reached skill level 15 in Invocations
 15287 | Lair:5   | Received a gift from Nemelex Xobeh
 15513 | Lair:5   | Noticed an eight-headed hydra
 15523 | Lair:5   | Killed an eight-headed hydra
 15845 | Lair:5   | Received a gift from Nemelex Xobeh
 15869 | Lair:5   | Reached skill level 10 in Armour
 16418 | Lair:4   | Noticed a five-headed hydra
 16448 | Lair:4   | Noticed a death yak
 16453 | Lair:4   | Noticed a death yak
 16455 | Lair:4   | Noticed a death yak
 16461 | Lair:4   | Noticed a death yak
 16465 | Lair:4   | Killed a death yak
 16465 | Lair:4   | Reached skill level 16 in Invocations
 16466 | Lair:4   | Noticed an emperor scorpion
 16466 | Lair:4   | a death yak changed into an emperor scorpion
 16471 | Lair:5   | Killed a death yak
 16471 | Lair:5   | Gained mutation: You have a pair of large antennae on your
                  | head. (SInv) [demonic ancestry]
 16471 | Lair:5   | Reached XP level 13. HP: 88/112 MP: 25/25
 16707 | Lair:3   | Found a runed gate.
 16707 | Lair:3   | Found a runed gate.
 16709 | Lair:3   | Noticed tsouns's ghost (novice FeCj)
 16712 | Lair:3   | Found a runed gate.
 17030 | Lair:4   | Found a staircase to the Swamp.
 17212 | Lair:4   | Reached skill level 10 in Long Blades
 17282 | Lair:4   | Killed an emperor scorpion
 17764 | Lair:4   | Found a staircase to the Snake Pit.
 17906 | Lair:4   | Found a runed gate.
 17909 | Lair:4   | Found a runed gate.
 17959 | Lair:4   | Found a runed gate.
 17959 | Lair:4   | Noticed Exirev's ghost (journeyman MfIE)
 17960 | Lair:4   | Noticed Rooheesk's ghost (journeyman DDGl)
 17962 | Lair:4   | Found the +5 demon whip "Spellbinder" {antimagic, MR+}
 17982 | Lair:4   | Received a gift from Nemelex Xobeh
 18611 | Lair:6   | Reached skill level 17 in Invocations
 19104 | Lair:6   | Received a gift from Nemelex Xobeh
 19105 | Lair:6   | Upgraded the game from 0.23-a0-677-g07611c5 to
                  | 0.23-a0-681-g26ad783
 19719 | Lair:6   | Identified the -1 trident of Kieck {flame, rElec rC- Str+4}
 19869 | Lair:5   | Upgraded the game from 0.23-a0-681-g26ad783 to
                  | 0.23-a0-690-g0a1fc62
 20083 | D:12     | Received a gift from Nemelex Xobeh
 20083 | D:12     | Found Meusadwo's Book Emporium.
 20265 | D:12     | Found a staircase to the Orcish Mines.
 20284 | D:12     | Noticed Psyche
 20300 | D:12     | Killed Psyche
 20329 | D:12     | Found Hutuock's Assorted Antiques.
 20332 | D:12     | Noticed Kirke
 20344 | D:12     | Killed Kirke
 20394 | D:12     | Found Bonee's Jewellery Emporium.
 20447 | D:12     | Noticed a red very ugly thing
 20470 | D:12     | Killed a white very ugly thing
 20744 | D:12     | Received a gift from Nemelex Xobeh
 20949 | D:12     | Found Reidenij's Food Shop.
 20991 | D:13     | Gained mutation: You are robust. (+10% HP) [demonic
                  | ancestry]
 20991 | D:13     | Reached XP level 14. HP: 112/133 MP: 26/26
 21090 | D:13     | Found a shimmering altar of Xom.
 21092 | D:13     | Found a shimmering altar of Xom.
 21092 | D:13     | Found a shimmering altar of Xom.
 21092 | D:13     | Found a shimmering altar of Xom.
 21092 | D:13     | Found a shimmering altar of Xom.
 21092 | D:13     | Found a shimmering altar of Xom.
 21092 | D:13     | Found a shimmering altar of Xom.
 21093 | D:13     | Found a shimmering altar of Xom.
 21093 | D:13     | Found a shimmering altar of Xom.
 21434 | D:13     | Reached skill level 18 in Invocations
 21545 | D:14     | Found a white marble altar of Elyvilon.
 21590 | D:14     | Quit the game

Vault maps used:
D:1:      lightli_arrival_chessboard
D:3:      first_ration
D:4:      minmay_temple_entry_drinking_statues
D:5:      zin_statuary, minmay_misc_feat_rugged, uniq_pikel, uniq_eustachio,
          uniq_blork_the_orc
D:6:      serial_shops, shop
D:7:      kb_rosetta
D:8:      gammafunk_temple_overflow_forgotten
D:9:      guppyfry_early_elven_hall
D:10:     kennysheep_kobold_lugonu_temple, grunt_lair_entry_orc_guard_hut,
          uniq_joseph
D:11:     grunt_ogre_cave
D:12:     david_orc_3, serial_shops, kennysheep_mini, shop, nicolae_shop_stone,
          nicolae_shop_overgrown_old_shop, shop, minmay_diamond_spiral,
          uniq_kirke, uniq_psyche
D:13:     trove_entry_hex_spiral, xom_shifter_show
D:14:     david_vaults_5, elyvilon_altar_4, uniq_rupert
Temple:   regret_index_temple_mists
Lair:1:   gammafunk_cloud_chamber, hangedman_lair_generics_rect
Lair:2:   portal_ice_cave_entry_pillars_1, lemuel_fruit_fields,
          lemuel_fruit_fields
Lair:3:   gammafunk_ghost_split, grunt_megastairs_1
Lair:4:   skrybe_swamp_entry_bodies, gammafunk_ghost_cemetery,
          infiniplex_staircase_pool
Lair:5:   grunt_megastairs_5
Lair:6:   gammafunk_lair_ancient_temple, nicolae_slime_entry_slimehenge,
          lemuel_fruit_tree
IceCv:    ice_cave_small_dragons

Skill      XL: |  1  2  3  4  5  6  7  8  9 10 11 12 13 14 |
---------------+-------------------------------------------+-----
Long Blades    | 2 3 4 5 6 7 8 9 10 | 10.9
Armour         | 3 4 5 6 7 8 9 10 11 | 11.1
Fighting       | 4 5 6 7 8 9 10 11 | 11.9
Invocations    | 2 5 6 9 12 14 16 17 18 | 18.1
Shields        | |  2.6

Action                   |  1- 3 |  4- 6 |  7- 9 | 10-12 | 13-15 || total
-------------------------+-------+-------+-------+-------+-------++-------
Melee: Long sword        |   138 |   157 |   249 |   546 |   542 ||  1632
       Scimitar          |       |       |       |       |     2 ||     2
Invok: Stack Five        |       |       |       |     1 |       ||     1
       Deal Four         |       |       |       |     1 |     3 ||     4
 Abil: Draw Destruction  |       |     3 |     9 |    59 |    22 ||    93
       Draw Summoning    |       |     1 |     9 |    19 |    12 ||    41
       Draw Escape       |       |     1 |     1 |     2 |     2 ||     6
       Draw Stack        |       |       |       |       |     4 ||     4
Evoke: Wand              |       |       |     1 |       |    32 ||    33
  Use: Scroll            |     1 |     1 |     7 |    21 |     7 ||    37
       Potion            |       |     2 |       |     2 |       ||     4
 Stab: Paralysed         |       |       |     3 |       |    13 ||    16
       Distracted        |       |       |     1 |     4 |     2 ||     7
       Petrifying        |       |       |       |     1 |     1 ||     2
       Petrified         |       |       |       |     1 |       ||     1
  Eat: Chunk             |     3 |     6 |    14 |    23 |    14 ||    60
       Ration            |       |       |       |     1 |     2 ||     3
Armor: Scale mail        |    98 |    88 |       |       |       ||   186
       Leather armour    |       |    17 |    32 |       |       ||    49
       Plate armour      |       |       |   108 |   407 |   327 ||   842
Dodge: Dodged            |    53 |    59 |    49 |    71 |   214 ||   446
Block: Shield            |    76 |    92 |   118 |   237 |   284 ||   807
       Rpst.: Long sword |    18 |    13 |    15 |    16 |    56 ||   118
       Scimitar          |       |       |       |       |     1 ||     1

Table legend:
 A = Non-vault XP
 B = Vault XP
 C = Vault XP percentage of total XP
 D = Non-vault monster count
 E = Vault monster count
 F = Vault count percentage of total count
                 A         B        C        D         E       F
            +---------+---------+-------+---------+---------+-------
      Total |   49850 |   21497 |  30.1 |     431 |      92 |  17.6
            +---------+---------+-------+---------+---------+-------
        D:1 |      42 |       0 |   0.0 |      24 |       0 |   0.0
        D:2 |      42 |       0 |   0.0 |      14 |       0 |   0.0
        D:3 |      70 |       0 |   0.0 |      28 |       0 |   0.0
        D:4 |     614 |       0 |   0.0 |      31 |       0 |   0.0
        D:5 |     325 |     430 |  57.0 |      13 |       2 |  13.3
        D:6 |     767 |       0 |   0.0 |      22 |       0 |   0.0
        D:7 |     183 |     368 |  66.8 |      12 |       4 |  25.0
        D:8 |    1476 |       0 |   0.0 |      22 |       0 |   0.0
        D:9 |    1323 |     563 |  29.9 |      20 |       1 |   4.8
       D:10 |    2058 |    1481 |  41.8 |      22 |       9 |  29.0
       D:11 |    2133 |     312 |  12.8 |      17 |       2 |  10.5
       D:12 |     821 |    5052 |  86.0 |      10 |      12 |  54.5
       D:13 |    4286 |       0 |   0.0 |      29 |       0 |   0.0
       D:14 |    2731 |       0 |   0.0 |      11 |       0 |   0.0
     Lair:1 |    3297 |    2524 |  43.4 |      19 |       8 |  29.6
     Lair:2 |    2387 |       0 |   0.0 |      17 |       0 |   0.0
     Lair:3 |    1973 |     706 |  26.4 |      12 |       7 |  36.8
     Lair:4 |   11649 |     258 |   2.2 |      41 |       2 |   4.7
     Lair:5 |    3616 |     739 |  17.0 |      17 |       2 |  10.5
     Lair:6 |   10057 |    6852 |  40.5 |      50 |      27 |  35.1
      IceCv |       0 |    2212 | 100.0 |       0 |      16 | 100.0
            +---------+---------+-------+---------+---------+-------
